 Dungeon Crawl Stone Soup version 0.21-a0-578-gc6e9d75 (webtiles) character file.

1143 tidbits the Digger (level 8, 0/58 HPs)
             Began as a Gnoll Earth Elementalist on Dec 18, 2017.
             Slain by an orc warrior
             ... wielding a +0 hand axe of chopping
              (5 damage)
             ... on level 7 of the Dungeon.
             The game lasted 00:17:44 (2146 turns).

tidbits the Digger (Gnoll Earth Elementalist)       Turns: 2146, Time: 00:17:44

Health: 0/58       AC: 10    Str: 11    XL:     8   Next: 37%
Magic:  9/17       EV: 15    Int: 21    God:
Gold:   198        SH:  0    Dex: 16    Spells: 4/19 levels left

rFire    . . .     SeeInvis .   y - +1 flail (protect)
rCold    . . .     Gourm    .   (no shield)
rNeg     . . .     Faith    .   B - +0 leather armour {rPois}
rPois    +         Spirit   .   (no helmet)
rElec    .         Reflect  .   (no cloak)
rCorr    +         Harm     .   (no gloves)
MR       .....                  (no boots)
Stlth    +++.......             (no amulet)
HPRegen  0.19/turn              K - ring of resist corrosion
MPRegen  0.15/turn              J - +2 ring of intelligence

@: marked, protection aura
A: distributed training, fangs 1, strong nose
a: no special abilities


You were on level 7 of the Dungeon.
You were not hungry.

You visited 1 branch of the dungeon, and saw 7 of its levels.
You also visited: Ossuary.

You collected 198 gold pieces.

Inventory:

Hand Weapons
 a - a +0 spear
 b - a +0 rapier
 f - a cursed -1 whip
 n - a +0 hunting sling
 u - a +0 war axe
 y - a +1 flail of protection (weapon)
   (You took it off Edmund on level 4 of the Dungeon)
 H - a +0 trident of freezing
   (You took it off Blork the orc on level 5 of the Dungeon)
 O - a +1 rapier of venom
   (You found it on level 7 of the Dungeon)
Missiles
 h - 34 bolts
 o - 19 sling bullets
 p - 9 stones (quivered)
 L - 4 tomahawks
Armour
 c - a +0 robe
 i - a +0 ring mail
 B - a +0 leather armour of poison resistance (worn)
   (You took it off Edmund on level 4 of the Dungeon)
 I - a +1 robe
Jewellery
 v - an uncursed ring of ice
   (You found it on level 4 of the Dungeon)
 J - a +2 ring of intelligence (right hand)
   (You took it off a wight on level 5 of the Dungeon)
 K - a ring of resist corrosion (left hand)
   (You found it on level 2 of the Dungeon)
Wands
 M - a wand of acid (3)
Scrolls
 j - a scroll of enchant weapon {unknown}
 k - 2 scrolls of identify {unknown}
 l - 3 scrolls of remove curse {unknown}
 q - 4 scrolls of amnesia {unknown}
 t - a scroll of magic mapping {unknown}
 z - 2 scrolls of teleportation {unknown}
 C - 2 scrolls of enchant armour {unknown}
 D - a scroll of random uselessness {unknown}
 G - a scroll of immolation {unknown}
 P - a scroll of vulnerability {unknown}
Potions
 g - 3 potions of magic {unknown}
 m - 3 potions of might
 r - 2 potions of resistance {unknown}
 s - 2 potions of lignification {unknown}
 w - 2 potions of curing {unknown}
 x - 2 potions of degeneration {unknown}
 A - 2 potions of heal wounds {unknown}
 E - a potion of mutation {unknown}
 F - a potion of haste {unknown}
Books
 e - a book of Geomancy

   Spells                             Type                      Level
   a - Sandblast                      Earth                        1
   b - Passwall                       Transmutation/Earth          2
   c - Stone Arrow                    Conjuration/Earth            3
   d - Petrify                        Transmutation/Earth          4
   e - Lee's Rapid Deconstruction     Earth                        5
Comestibles
 d - 6 rations
 N - 2 chunks of flesh


   Skills:
 + Level 3.1 Fighting
 + Level 3.1 Short Blades
 + Level 3.1 Long Blades
 + Level 3.1 Axes
 + Level 3.1 Maces & Flails
 + Level 3.1 Polearms
 + Level 3.1 Staves
 + Level 3.1 Slings
 + Level 3.1 Bows
 + Level 3.1 Crossbows
 + Level 3.1 Throwing
 + Level 3.1 Armour
 + Level 5.6 Dodging
 + Level 5.3 Stealth
 + Level 3.1 Shields
 + Level 3.1 Unarmed Combat
 + Level 6.0 Spellcasting
 + Level 2.5 Conjurations
 + Level 2.5 Hexes
 + Level 2.5 Charms
 + Level 2.5 Summonings
 + Level 2.5 Necromancy
 + Level 2.5 Translocations
 + Level 3.4 Transmutations
 + Level 2.5 Fire Magic
 + Level 2.5 Ice Magic
 + Level 2.5 Air Magic
 + Level 6.1 Earth Magic
 + Level 2.5 Poison Magic
 + Level 3.4 Invocations
 + Level 3.1 Evocations


You had 4 spell levels left.
You knew the following spells:

 Your Spells              Type           Power        Failure   Level  Hunger
a - Sandblast             Erth           ####..       1%          1    None
p - Petrify               Tmut/Erth      ####....     17%         4    ####...
t - Stone Arrow           Conj/Erth      ###...       6%          3    ##.....
w - Passwall              Tmut/Erth      ####......   2%          2    None
D - Lee's Rapid Deconstr  Erth           ####......   28%         5    #####..


Dungeon Overview and Level Annotations

Branches:
Dungeon (7/15)
 Temple: D:4-7

Altars:
Dithmenos
Vehumet
Wu Jian


Innate Abilities, Weirdness & Mutations

Your experience applies equally to all skills.
You have very sharp teeth.
Your uncanny sense of smell can sniff out nearby items.


Message History

Autopickup is now off.
Casting: Petrify
Confirm with . or Enter, or press ? or * to list all spells.
Which direction?
You begin to meditate on the wall.
You continue meditating on the rock. x2
You finish merging with the rock.
Found 11 gold pieces, a runed rapier and a scroll labeled VUINLE MA HILI.
You now have 198 gold pieces (gained 11).
An orc priest comes into view. It is wielding a war axe.
You see here a runed rapier.
O - a runed rapier Wield which item (- for none, * to show all)? (? for menu, Esc to quit)
Your +1 flail of protection goes still.
Your +1 rapier of venom begins to drip with poison!
O - a +1 rapier of venom (weapon)
Found a ration.
You see here a scroll labeled VUINLE MA HILI.
You see here a scroll labeled VUINLE MA HILI.
P - a scroll labeled VUINLE MA HILI You see here a ration.
d - 6 rations (gained 1)
A sky beast comes into view.
The alarm trap emits a blaring wail!
A sentinel's mark forms upon you.
An adder comes into view.
The adder hisses angrily.
You hear an angry hiss.
You hear a shout! x2
You hear a loud, deep croak!
You hear a shout! x4
A hungry ghost comes into view.
A bullfrog comes into view.
A quokka, a hound and an orc come into view.
The orc priest invokes the aid of Beogh against you.
Beogh smites you!
The bullfrog hits you but does no damage.
A quokka and an orc come into view.
The hound bites you.
The quokka twitches its whiskers.
The hound closely misses you. The bullfrog barely misses you.
A worker ant comes into view.
The bullfrog misses you. The hound bites you but does no damage.
An orc comes into view. It is wielding a flail.
The quokka bites you. The hound misses you. The bullfrog hits you.
Casting: Passwall
Confirm with . or Enter, or press ? or * to list all spells.
You don't know that spell.
Casting: Passwall
Confirm with . or Enter, or press ? or * to list all spells.
Which direction?
The hound closely misses you. The bullfrog misses you.
The quokka barely misses you.
You begin to meditate on the wall.
You continue meditating on the rock.
The hound barely misses you. The bullfrog barely misses you.
The quokka misses you. The hound misses you. The bullfrog misses you.
You continue meditating on the rock.
The quokka completely misses you. The hound bites you.
The bullfrog closely misses you.
You finish merging with the rock.
A worker ant zombie comes into view.
Wield which item (- for none, * to show all)? (? for menu, Esc to quit)
Your +1 rapier of venom stops dripping with poison.
Your +1 flail of protection hums with potential!
y - a +1 flail of protection (weapon)
You barely miss the worker ant zombie. The worker ant zombie misses you.
You hit the worker ant zombie.
Your weapon exudes an aura of protection.
You bite the worker ant zombie, but do no damage.
The worker ant zombie is lightly damaged.
The worker ant zombie bites you but does no damage.
You hit the worker ant zombie.
The worker ant zombie is moderately damaged.
The worker ant zombie bites you but does no damage.
An orc warrior comes into view. It is wielding a hand axe of chopping.
You sock the worker ant zombie!
The worker ant zombie is heavily damaged.
The worker ant zombie bites you but does no damage.
The worker ant zombie barely misses you.
You hit the worker ant zombie. You punch the worker ant zombie.
You destroy the worker ant zombie!
Press: ? - help, v - describe, . - travel
Here: an orc warrior, wielding a hand axe of chopping and wearing a plate armour The floor.
You hit the orc warrior but do no damage.
The orc warrior hits you with a hand axe of chopping.
Unknown command.
Casting: Passwall
Confirm with . or Enter, or press ? or * to list all spells.
Aiming: Petrify
Press: ? - help, Shift-Dir - straight line, f - orc warrior
Aim: an orc warrior, wielding a hand axe of chopping and wearing a plate armour (chance to defeat MR: 55%)
The orc warrior resists with significant effort.
The orc warrior hits you with a hand axe of chopping!
* * * LOW HITPOINT WARNING * * *
x2
Casting: Petrify
Confirm with . or Enter, or press ? or * to list all spells.
Aiming: Petrify
Press: ? - help, Shift-Dir - straight line, f/p - orc warrior
Aim: an orc warrior, wielding a hand axe of chopping and wearing a plate armour (chance to defeat MR: 55%)
The orc warrior is moving more slowly.
The orc warrior hits you with a hand axe of chopping!
* * * LOW HITPOINT WARNING * * *
You die...

..........)).#####.###.#
........###).......# .#
........# #...####.# ##
........# #.#.# #.#
.##########.#.# ..#
#..YSh.#.#.. .#.#
######..aoFr#.##......
#.....r..oor#.##r.##(#
#.....W.....#.@ooh....
###........o#######.##.#
....................#
....................#
....................#
###..................#
#.........########.#
#.........# .
#.........#


You could see an orc warrior (petrifying), a hound, an orc and a quokka.

Vanquished Creatures
  Menkaure (Ossuary)
  Edmund (D:4)
  2 ice beasts (D:6)
  2 orc warriors
  An ogre (D:4)
  Blork the orc (D:5)
  A scorpion (D:6)
  A wight (D:5)
  2 crimson imps (D:5)
  An orc priest (D:7)
  A centaur skeleton (D:6)
  A worker ant (D:4)
  An iguana (D:4)
  4 mummies
  2 worker ant zombies
  4 gnolls (D:5)
  6 adders
  2 shadow imps (D:6)
  An ooze (D:3)
  2 adder skeletons
  A dart slug (D:1)
  A leopard gecko (D:6)
  8 orcs
  5 giant cockroaches
  6 goblins
  5 hobgoblins
  4 jackals
  6 kobolds
  A quokka (D:4)
  3 bats
  3 frilled lizards
  5 gnoll skeletons (Ossuary)
  4 gnoll zombies (Ossuary)
  A goblin skeleton (Ossuary)
  3 goblin zombies
  3 hobgoblin skeletons (Ossuary)
  2 hobgoblin zombies (Ossuary)
  2 kobold skeletons (Ossuary)
  3 kobold zombies (Ossuary)
  2 orc skeletons (Ossuary)
  2 orc zombies (Ossuary)
  3 rats
  A rat skeleton (Ossuary)
  A rat zombie (Ossuary)
112 creatures vanquished.

Vanquished Creatures (others)
  2 gnoll skeletons (Ossuary)
  2 gnoll zombies (Ossuary)
  5 goblin zombies (Ossuary)
  2 hobgoblin skeletons (Ossuary)
  A kobold skeleton (Ossuary)
  2 kobold zombies (Ossuary)
  2 orc skeletons (Ossuary)
  4 rat skeletons (Ossuary)
  2 rat zombies (Ossuary)
22 creatures vanquished.

Grand Total: 134 creatures vanquished

Notes
Turn   | Place    | Note
-------+----------+-------------------------------------------
     0 | D:1      | tidbits the Gnoll Earth Elementalist began the quest for the Orb.
     0 | D:1      | Reached XP level 1. HP: 13/13 MP: 6/6
    55 | D:1      | Reached skill level 2 in Transmutations
   109 | D:1      | Reached XP level 2. HP: 19/19 MP: 5/7
   195 | D:1      | Learned a level 2 spell: Passwall
   329 | D:2      | You fall through a shaft!
   351 | D:3      | Reached XP level 3. HP: 20/25 MP: 2/9
   398 | D:2      | Reached skill level 5 in Spellcasting
   483 | D:2      | Reached skill level 1 in Invocations
   486 | D:2      | Found a faded altar of an unknown god.
   557 | D:3      | Found a radiant altar of Vehumet.
   585 | D:3      | Reached skill level 1 in Fighting
   585 | D:3      | Reached skill level 1 in Short Blades
   585 | D:3      | Reached skill level 1 in Long Blades
   585 | D:3      | Reached skill level 1 in Axes
   585 | D:3      | Reached skill level 1 in Maces & Flails
   585 | D:3      | Reached skill level 1 in Polearms
   585 | D:3      | Reached skill level 1 in Staves
   585 | D:3      | Reached skill level 1 in Slings
   585 | D:3      | Reached skill level 1 in Bows
   585 | D:3      | Reached skill level 1 in Crossbows
   585 | D:3      | Reached skill level 1 in Throwing
   585 | D:3      | Reached skill level 1 in Armour
   585 | D:3      | Reached skill level 1 in Shields
   585 | D:3      | Reached skill level 1 in Unarmed Combat
   585 | D:3      | Reached skill level 1 in Evocations
   588 | D:3      | Reached XP level 4. HP: 32/32 MP: 3/11
   774 | D:4      | Reached skill level 1 in Conjurations
   774 | D:4      | Reached skill level 1 in Hexes
   774 | D:4      | Reached skill level 1 in Charms
   774 | D:4      | Reached skill level 1 in Summonings
   774 | D:4      | Reached skill level 1 in Necromancy
   774 | D:4      | Reached skill level 1 in Translocations
   774 | D:4      | Reached skill level 1 in Fire Magic
   774 | D:4      | Reached skill level 1 in Ice Magic
   774 | D:4      | Reached skill level 1 in Air Magic
   774 | D:4      | Reached skill level 1 in Poison Magic
   800 | D:4      | Noticed an ogre
   808 | D:4      | Killed an ogre
   808 | D:4      | Reached XP level 5. HP: 33/37 MP: 2/12
   813 | D:4      | Learned a level 3 spell: Stone Arrow
   818 | D:4      | Learned a level 4 spell: Petrify
   841 | D:4      | Noticed Edmund
   859 | D:4      | Killed Edmund
   859 | D:4      | Reached skill level 2 in Fighting
   859 | D:4      | Reached skill level 2 in Short Blades
   859 | D:4      | Reached skill level 2 in Long Blades
   859 | D:4      | Reached skill level 2 in Axes
   859 | D:4      | Reached skill level 2 in Maces & Flails
   859 | D:4      | Reached skill level 2 in Polearms
   859 | D:4      | Reached skill level 2 in Staves
   859 | D:4      | Reached skill level 2 in Slings
   859 | D:4      | Reached skill level 2 in Bows
   859 | D:4      | Reached skill level 2 in Crossbows
   859 | D:4      | Reached skill level 2 in Throwing
   859 | D:4      | Reached skill level 2 in Armour
   859 | D:4      | Reached skill level 5 in Dodging
   859 | D:4      | Reached skill level 2 in Shields
   859 | D:4      | Reached skill level 2 in Unarmed Combat
   859 | D:4      | Reached skill level 2 in Invocations
   859 | D:4      | Reached skill level 2 in Evocations
   859 | D:4      | Reached XP level 6. HP: 12/44 MP: 0/14
   941 | D:4      | Found an ornate altar of the Wu Jian Council.
   981 | D:5      | Entered Level 5 of the Dungeon
  1069 | D:5      | Reached XP level 7. HP: 47/50 MP: 6/15
  1186 | D:5      | Found a sand-covered staircase.
  1192 | Ossuary  | Entered an ossuary
  1441 | Ossuary  | Noticed Menkaure
  1443 | Ossuary  | Killed Menkaure
  1489 | Ossuary  | Learned a level 5 spell: Lee's Rapid Deconstruction
  1599 | D:6      | Reached skill level 2 in Conjurations
  1599 | D:6      | Reached skill level 2 in Hexes
  1599 | D:6      | Reached skill level 2 in Charms
  1599 | D:6      | Reached skill level 2 in Summonings
  1599 | D:6      | Reached skill level 2 in Necromancy
  1599 | D:6      | Reached skill level 2 in Translocations
  1599 | D:6      | Reached skill level 2 in Fire Magic
  1599 | D:6      | Reached skill level 2 in Ice Magic
  1599 | D:6      | Reached skill level 2 in Air Magic
  1599 | D:6      | Reached skill level 2 in Poison Magic
  1632 | D:6      | Reached skill level 3 in Transmutations
  1744 | D:6      | Reached skill level 5 in Stealth
  1744 | D:6      | Reached skill level 3 in Invocations
  1759 | D:5      | Noticed Blork the orc
  1777 | D:5      | Killed Blork the orc
  1777 | D:5      | Reached XP level 8. HP: 40/57 MP: 8/16
  1799 | D:5      | Reached skill level 6 in Earth Magic
  1808 | D:5      | Reached skill level 3 in Fighting
  1808 | D:5      | Reached skill level 3 in Short Blades
  1808 | D:5      | Reached skill level 3 in Long Blades
  1808 | D:5      | Reached skill level 3 in Axes
  1808 | D:5      | Reached skill level 3 in Maces & Flails
  1808 | D:5      | Reached skill level 3 in Polearms
  1808 | D:5      | Reached skill level 3 in Staves
  1808 | D:5      | Reached skill level 3 in Slings
  1808 | D:5      | Reached skill level 3 in Bows
  1808 | D:5      | Reached skill level 3 in Crossbows
  1808 | D:5      | Reached skill level 3 in Throwing
  1808 | D:5      | Reached skill level 3 in Armour
  1808 | D:5      | Reached skill level 3 in Shields
  1808 | D:5      | Reached skill level 3 in Unarmed Combat
  1808 | D:5      | Reached skill level 3 in Evocations
  1879 | D:4      | Found a shadowy altar of Dithmenos.
  2060 | D:7      | Reached skill level 6 in Spellcasting
  2146 | D:7      | HP: 5/58 [orc warrior/hand axe of chopping (14)]
  2146 | D:7      | Slain by an orc warrior

Vault maps used:
D:1:      co_arrival_square_in_a_square_in_a_square, minmay_misc_feat_ornament
D:2:      chequers_ecumenical_altar_simple_redux
D:3:      fiery_altar_vehumet
D:4:      nicolae_overflow_crystal_walls, zin_statuary, first_ration,
          grunt_dithmenos_smoke, uniq_edmund
D:5:      lemuel_zombie_altar_kikubaaqudgha, nicolae_ossuary_entry_giza,
          sword_in_stone
D:6:      minmay_crystal_room, corexii_corridor_pit, hangedman_decor_opposing
D:7:      minmay_temple_entry_statues_pillars
Ossuary:  ossuary_due_pyramid

Skill      XL: |  1  2  3  4  5  6  7  8 |
---------------+-------------------------+-----
Transmutations | 2 3 |  3.4
Spellcasting   | 5 6 |  6.0
Invocations    | 1 2 3 |  3.4
Fighting       | 1 2 3 |  3.1
Short Blades   | 1 2 3 |  3.1
Long Blades    | 1 2 3 |  3.1
Axes           | 1 2 3 |  3.1
Maces & Flails | 1 2 3 |  3.1
Polearms       | 1 2 3 |  3.1
Staves         | 1 2 3 |  3.1
Slings         | 1 2 3 |  3.1
Bows           | 1 2 3 |  3.1
Crossbows      | 1 2 3 |  3.1
Throwing       | 1 2 3 |  3.1
Armour         | 1 2 3 |  3.1
Shields        | 1 2 3 |  3.1
Unarmed Combat | 1 2 3 |  3.1
Evocations     | 1 2 3 |  3.1
Conjurations   | 1 2 |  2.5
Hexes          | 1 2 |  2.5
Charms         | 1 2 |  2.5
Summonings     | 1 2 |  2.5
Necromancy     | 1 2 |  2.5
Translocations | 1 2 |  2.5
Fire Magic     | 1 2 |  2.5
Ice Magic      | 1 2 |  2.5
Air Magic      | 1 2 |  2.5
Poison Magic   | 1 2 |  2.5
Dodging        | 5 |  5.6
Stealth        | 5 |  5.3
Earth Magic    | 6 |  6.1

Action                   |  1- 3 |  4- 6 |  7- 9 || total
-------------------------+-------+-------+-------++-------
Melee: Rapier            |    15 |     8 |    18 ||    41
       Bite              |     3 |     1 |    16 ||    20
       Flail             |       |     2 |    79 ||    81
       Punch             |       |       |     2 ||     2
Throw: Stone             |       |       |     2 ||     2
 Cast: Sandblast         |    35 |    48 |    42 ||   125
       Passwall          |     6 |     2 |     8 ||    16
       Stone Arrow       |       |       |     2 ||     2
       Petrify           |       |       |     3 ||     3
  Use: Potion            |       |       |     1 ||     1
 Stab: Sleeping          |     2 |     5 |     5 ||    12
       Petrified         |       |       |     4 ||     4
  Eat: Ration            |       |       |     1 ||     1
       Chunk             |       |       |     1 ||     1
Armor: Robe              |     3 |     1 |       ||     4
       Leather armour    |       |     1 |    24 ||    25
Dodge: Dodged            |    22 |    11 |    75 ||   108

Table legend:
 A = Spawn XP
 B = Non-spawn XP
 C = Spawn XP percentage of total XP
 D = Spawn monster count
 E = Non-spawn monster count
 F = Spawn count percentage of total count
 G = Total turns spent on level
                    A         B        C        D         E        F      G
               +---------+---------+-------+---------+---------+-------+---------
         Total |       0 |    1633 |   0.0 |       0 |     108 |   0.0 |  2146
               +---------+---------+-------+---------+---------+-------+---------
           D:1 |       0 |      19 |   0.0 |       0 |       9 |   0.0 |   323
           D:2 |       0 |      28 |   0.0 |       0 |      12 |   0.0 |   162
           D:3 |       0 |      67 |   0.0 |       0 |      18 |   0.0 |   265
           D:4 |       0 |     376 |   0.0 |       0 |      13 |   0.0 |   267
           D:5 |       0 |     475 |   0.0 |       0 |      13 |   0.0 |   474
           D:6 |       0 |     397 |   0.0 |       0 |       9 |   0.0 |   241
           D:7 |       0 |     211 |   0.0 |       0 |       6 |   0.0 |   116
       Ossuary |       0 |      60 |   0.0 |       0 |      28 |   0.0 |   298
               +---------+---------+-------+---------+---------+-------+---------

Table legend:
 A = Turns spent in this place as a percentage of turns spent in the entire game.
 B = Non-inter-level travel turns spent in this place as a percentage of non-inter-level travel turns spent in the entire game.
 C = Inter-level travel turns spent in this place as a percentage of turns spent in this place.
 D = Turns resting spent in this place as a percentage of non-inter-level travel turns spent in this place.
 E = Turns spent auto-exploring this place as a percentage of non-inter-level travel turns spent in this place.
 F = Non-inter-level travel turns spent in this place divided by the number of levels of this place that you've seen.
                   A       B       C       D       E      F
               +-------+-------+-------+-------+-------+----------------------
         Total | 100.0 | 100.0 |   0.0 |   0.0 |   0.0 | 268.2
       Dungeon |  86.1 |  86.1 |   0.0 |   0.0 |   0.0 | 264.0
       Ossuary |  13.9 |  13.9 |   0.0 |   0.0 |   0.0 | 298.0
               +-------+-------+-------+-------+-------+----------------------

Table legend:
 A = Kills in this place as a percentage of kills in entire the game.
 B = Kills by you in this place as a percentage of kills by you in the entire game.
 C = Kills by friends in this place as a percentage of kills by friends in the entire game.
 D = Other kills in this place as a percentage of other kills in the entire game.
 E = Experience gained in this place as a percentage of experience gained in the entire game.
 F = Experience gained in this place divided by the number of levels of this place that you have seen.
                   A       B       C       D       E      F
               +-------+-------+-------+-------+-------+----------------------
         Total | 100.0 | 100.0 |   N/A |   N/A | 100.0 | 204.1
       Dungeon |  74.1 |  74.1 |   N/A |   N/A |  96.3 | 224.7
       Ossuary |  25.9 |  25.9 |   N/A |   N/A |   3.7 |  60.0
               +-------+-------+-------+-------+-------+----------------------

Vault maps used:
D:1:      co_arrival_square_in_a_square_in_a_square, minmay_misc_feat_ornament
D:2:      chequers_ecumenical_altar_simple_redux
D:3:      fiery_altar_vehumet
D:4:      nicolae_overflow_crystal_walls, zin_statuary, first_ration,
          grunt_dithmenos_smoke, uniq_edmund
D:5:      lemuel_zombie_altar_kikubaaqudgha, nicolae_ossuary_entry_giza,
          sword_in_stone
D:6:      minmay_crystal_room, corexii_corridor_pit, hangedman_decor_opposing
D:7:      minmay_temple_entry_statues_pillars
Ossuary:  ossuary_due_pyramid
